 Dungeon Crawl Stone Soup version 0.28-a0-94-g325244837d (webtiles) character file.

Game seed: 14534870251835045774

8764 Sadan the Geomancer (level 11, 0/54 HPs)
             Began as a Gargoyle Earth Elementalist on Aug 7, 2021.
             Was a Priest of Vehumet.
             Slain by Grum (15 damage)
             ... on level 10 of the Dungeon.
             The game lasted 00:25:24 (11685 turns).

Sadan the Geomancer (Gargoyle Earth Elementalist)  Turns: 11685, Time: 00:25:24

Health: 0/54       AC: 18    Str: 12    XL:     11   Next: 36%
Magic:  10/24      EV: 15    Int: 19    God:    Vehumet [***...]
Gold:   1086       SH:  0    Dex: 10    Spells: 25/29 levels left

rFire   . . .      SeeInvis .   t - +3 whip (elec)
rCold   + . .      Faith    .   (no shield)
rNeg    + . .      Spirit   .   s - +2 leather armour {rC+}
rPois   ∞          Reflect  .   g - +0 helmet
rElec   +          Harm     .   p - +1 cloak
rCorr   .          Rampage  .   (no gloves)
Will    .....                   n - +1 pair of boots
Stlth   ++........              (no amulet)
HPRegen 0.18/turn               b - +4 ring of evasion
MPRegen 0.19/turn               y - ring of wizardry

@: no status effects
A: sickness immunity, AC +8, negative energy resistance 1, electricity
resistance, torment resistance 1, petrification resistance
a: Renounce Religion


You were on level 10 of the Dungeon.
You worshipped Vehumet.
Vehumet was most pleased with you.
You visited 2 branches of the dungeon, and saw 11 of its levels.

You collected 1086 gold pieces.

Inventory:

Hand Weapons
 t - a +3 whip of electrocution (weapon)
 x - a +0 vorpal flail
Missiles
 c - 72 stones
 o - a throwing net
Armour
 g - a +0 helmet (worn)
 n - a +1 pair of boots (worn)
 p - a +1 cloak (worn)
 s - a +2 leather armour of cold resistance (worn)
Jewellery
 b - a +4 ring of evasion (left hand)
 y - a ring of wizardry (right hand)
Wands
 k - a wand of flame (18)
 v - a wand of paralysis (25)
 B - a wand of iceblast (8)
Scrolls
 a - 4 scrolls of teleportation
 d - a scroll of amnesia
 j - a scroll of fog
 m - a scroll of brand weapon
 q - 2 scrolls of blinking
 z - 2 scrolls of magic mapping
 A - a scroll of summoning
 C - a scroll of identify
Potions
 e - 5 potions of curing
 f - 2 potions of flight
 h - 3 potions of heal wounds
 i - a potion of haste
 l - 2 potions of berserk rage
 r - a potion of lignification
 u - a potion of attraction
 w - 2 potions of might


   Skills:
 - Level 1.5 Dodging
 - Level 2.1 Stealth
 + Level 9.5 Spellcasting
 + Level 10.6 Conjurations
 - Level 0.7 Transmutations
 + Level 12.4 Earth Magic


You had 25 spell levels left.
You knew the following spells:

 Your Spells              Type           Power      Damage    Failure   Level
a - Sandblast             Erth           100%       2d20      1%          1
b - Stone Arrow           Conj/Erth      100%       3d13      1%          3

Your spell library contained the following spells:

 Spells                   Type           Power      Damage    Failure   Level
 Sticky Flame             Conj/Fire      29%        2d5       1%          4
 Passwall                 Tmut/Erth      28%        N/A       1%          2
 Dazzling Flash           Conj/Hex       58%        N/A       1%          3
 Iskenderun's Mystic Bla  Conj/Tloc      29%        2d7       1%          4
 Petrify                  Tmut/Erth      34%        N/A       2%          4
 Animate Skeleton         Necr           18%        N/A       4%          1
 Apportation              Tloc           18%        N/A       4%          1
 Corona                   Hex            10%        N/A       4%          1
 Summon Small Mammal      Summ           36%        N/A       4%          1
 Starburst                Conj/Fire      14%        8x6d6     17%         6


Dungeon Overview and Level Annotations

Branches:
Dungeon (10/15)            Temple (1/1) D:4
   Lair: D:8-11         Orc: D:9-12

Altars:
Ashenzari
Cheibriados
Dithmenos
Elyvilon
Fedhas
Gozag
Hepliaklqana
Kikubaaqudgha
Makhleb
Nemelex Xobeh
Okawaru
Qazlal
Ru
Sif Muna
Trog
Uskayaw
Vehumet
Xom
Yredelemnul
Zin
The Shining One

Annotations:
D:10 Grum


Innate Abilities, Weirdness & Mutations

You are immune to sickness and miasma.
Your stone body is resilient. (AC +8)
You are immune to poison.
You resist negative energy. (rN+)
You are resistant to electric shocks. (rElec)
You are resistant to unholy torment.
You are immune to petrification.


Message History

Confirm with . or Enter, or press ? or * to list all spells.
Aiming: Stone Arrow (safe; 1% risk of failure)
Press: ? - help, Shift-Dir - straight line, f - yak
Aim: a yak (87% to hit)
The stone arrow hits the yak.
The yak is lightly wounded.
Grum barely misses you.
Casting: Stone Arrow (safe; 1% risk of failure)
Confirm with . or Enter, or press ? or * to list all spells.
Aiming: Stone Arrow (safe; 1% risk of failure)
Press: ? - help, Shift-Dir - straight line, f/p - yak
Aim: a yak (lightly wounded, 87% to hit)
The stone arrow hits the yak!!
The yak is almost dead.
The yak misses you.
Grum hits you from afar with a +1 spear of freezing!
Grum freezes you. The yak gores you!
Casting: Stone Arrow (safe; 1% risk of failure)
Confirm with . or Enter, or press ? or * to list all spells.
Aiming: Stone Arrow (safe; 1% risk of failure)
Press: ? - help, Shift-Dir - straight line, f/p - yak
Aim: a yak (almost dead, 87% to hit)
The stone arrow hits the yak!!
You kill the yak!
Vehumet accepts your kill.
You feel your power returning.
Grum hits you from afar with a +1 spear of freezing.
* * * LOW HITPOINT WARNING * * *
The yak gores you but does no damage.
Casting: Stone Arrow (safe; 1% risk of failure)
Confirm with . or Enter, or press ? or * to list all spells.
Aiming: Stone Arrow (safe; 1% risk of failure)
Press: ? - help, Shift-Dir - straight line, f - yak
Aim: a yak (87% to hit)
The stone arrow hits the yak!!!
You kill the yak!
Vehumet accepts your kill.
You feel your power returning.
Grum hits you from afar with a +1 spear of freezing!
You die...

#................#
#................########
#########........................
.................#######...######
#####...........# #...#
#...........# #...# #...........#
#...# +..#####+##.#######...#
#..#....YgY@..........#
##..#....Y.#...........#
#...##.....##..........######
#....#..... #..........).....
#....#..... #................
#....#..Y.. #.......#########
#####....#.Y... #.......# .....
.........#..... #.......# .....
.........# #.......# .....


You could see Grum and 3 yaks.

Vanquished Creatures
  Erica (D:9)
  2 two-headed ogres
  Maurice (D:9)
  A hornet (D:9)
  A shadow (D:6)
  A wraith (D:10)
  A vampire (D:9)
  10 yaks
  Eustachio (D:4)
  2 steam dragons
  An acid dragon (D:9)
  An ice beast (D:6)
  2 black bears
  5 necrophages
  5 centaurs
  2 wolves (D:10)
  A phantom (D:6)
  A kobold brigand (D:8)
  3 bullfrogs
  A wyvern zombie (D:6)
  A scorpion (D:5)
  2 wyvern skeletons
  9 killer bees
  7 wights
  A howler monkey (D:5)
  A crimson imp (D:9)
  2 bullfrog zombies
  Crazy Yiuf (D:3)
  2 centaur zombies
  3 hounds
  2 jellies
  4 orc priests
  6 bullfrog skeletons
  A gnoll shaman (D:5)
  Terence (D:3)
  A centaur skeleton (D:6)
  2 iguanas
  Natasha (thrice) (D:3)
  6 orc wizards
  A killer bee zombie (D:8)
  A hound zombie (D:5)
  4 howler monkey zombies
  5 gnolls
  7 adders
  3 shadow imps
  2 ufetubi (D:6)
  An adder skeleton (D:4)
  2 worms (D:3)
  A dart slug (D:5)
  32 orcs
  5 ball pythons
  2 bats
  9 endoplasms
  3 giant cockroaches
  8 goblins
  5 hobgoblins
  5 jackals
  2 quokkas (D:1)
  2 frilled lizards (D:3)
  14 kobolds
  7 rats
219 creatures vanquished.

Vanquished Creatures (others)
  A bush (D:8)
  A fungus (D:3)
  2 withered plants (D:1)
4 creatures vanquished.

Grand Total: 223 creatures vanquished

Notes
Turn   | Place    | Note
-------+----------+-------------------------------------------
     0 | D:1      | Sadan the Gargoyle Earth Elementalist began the quest for
                  | the Orb.
     0 | D:1      | Reached XP level 1. HP: 10/10 MP: 3/3
   178 | D:1      | Found a faded altar of an unknown god.
   211 | D:1      | Reached XP level 2. HP: 11/15 MP: 0/5
   212 | D:1      | Reached skill level 4 in Earth Magic
  1055 | D:2      | Reached XP level 3. HP: 14/19 MP: 6/6
  2003 | D:2      | Learned a level 3 spell: Stone Arrow
  2052 | D:3      | Noticed Terence
  2060 | D:3      | Killed Terence
  2061 | D:3      | Reached skill level 1 in Conjurations
  2061 | D:3      | Reached XP level 4. HP: 15/24 MP: 1/8
  2282 | D:3      | Found an iron altar of Okawaru.
  2478 | D:3      | Noticed Natasha
  2481 | D:3      | Killed Natasha
  2482 | D:3      | Reached skill level 5 in Earth Magic
  2534 | D:3      | Noticed Natasha
  2547 | D:3      | Killed Natasha
  2548 | D:3      | Reached XP level 5. HP: 28/28 MP: 6/10
  3387 | D:3      | Noticed Natasha
  3393 | D:3      | Killed Natasha
  3462 | D:3      | Found a runed translucent door.
  3463 | D:3      | Noticed Crazy Yiuf
  3471 | D:3      | Killed Crazy Yiuf
  3472 | D:3      | Reached XP level 6. HP: 10/32 MP: 5/11
  3888 | D:4      | Reached skill level 6 in Earth Magic
  4294 | D:4      | Noticed Eustachio
  4308 | D:4      | Killed Eustachio
  4309 | D:4      | Reached XP level 7. HP: 31/36 MP: 0/13
  4448 | D:4      | Found a staircase to the Ecumenical Temple.
  4476 | Temple   | Entered the Ecumenical Temple
  4593 | Temple   | Became a worshipper of Vehumet
  4862 | D:4      | Found a shadowy altar of Dithmenos.
  4891 | D:4      | Found a snail-covered altar of Cheibriados.
  4966 | D:5      | Entered Level 5 of the Dungeon
  5213 | D:5      | Reached skill level 7 in Earth Magic
  5401 | D:5      | Reached skill level 5 in Spellcasting
  5477 | D:5      | Found a sacrificial altar of Ru.
  5548 | D:5      | Reached XP level 8. HP: 29/41 MP: 15/15
  5654 | D:5      | Reached skill level 5 in Conjurations
  5688 | D:5      | Found a bloodstained altar of Trog.
  5689 | D:5      | Found a glowing golden altar of the Shining One.
  5690 | D:5      | Found a hazy altar of Hepliaklqana.
  5691 | D:5      | Found a shimmering blue altar of Sif Muna.
  6346 | D:5      | Reached skill level 8 in Earth Magic
  6613 | D:6      | Reached * piety under Vehumet
  6613 | D:6      | Offered knowledge of Foxfire by Vehumet.
  6870 | D:6      | Reached XP level 9. HP: 45/45 MP: 16/18
  7064 | D:6      | Reached skill level 9 in Earth Magic
  7216 | D:6      | Reached ** piety under Vehumet
  7216 | D:6      | Offered knowledge of Magic Dart by Vehumet.
  7574 | D:6      | Found a blossoming altar of Fedhas.
  8068 | D:8      | Reached skill level 10 in Earth Magic
  8086 | D:8      | Offered knowledge of Frozen Ramparts by Vehumet.
  8733 | D:8      | Reached XP level 10. HP: 46/50 MP: 21/21
  8874 | D:8      | Reached *** piety under Vehumet
  9582 | D:9      | Noticed Erica
  9585 | D:9      | Killed Erica
  9586 | D:9      | Reached skill level 11 in Earth Magic
  9800 | D:9      | Offered knowledge of Sticky Flame by Vehumet.
  9968 | D:9      | Noticed a two-headed ogre
  9976 | D:9      | Killed a two-headed ogre
 10376 | D:9      | Found a burning altar of Makhleb.
 10376 | D:9      | Found a shimmering altar of Xom.
 10828 | D:9      | Noticed Maurice
 10832 | D:9      | Killed Maurice
 10833 | D:9      | Reached skill level 10 in Conjurations
 10833 | D:9      | Reached XP level 11. HP: 54/54 MP: 16/24
 11040 | D:10     | Entered Level 10 of the Dungeon
 11124 | D:10     | Found an ancient bone altar of Kikubaaqudgha.
 11157 | D:10     | Reached skill level 12 in Earth Magic
 11173 | D:10     | Noticed a two-headed ogre
 11178 | D:10     | Killed a two-headed ogre
 11549 | D:10     | Found an opulent altar of Gozag.
 11676 | D:10     | Noticed Grum
 11685 | D:10     | Slain by Grum

Illustrated notes

Levels and vault maps discovered:
D:1:      heliophobic_arrival_ceremonial_halls, layout_loops_cross,
          ebering_ecumenical_altar_petrified, minmay_misc_feat_rows,
          wad_floor_pattern_1
D:2:      layout_basic, minmay_misc_feat_room, grunt_decor_one_mirror,
          minmay_tetromino_l4
D:3:      layout_basic, okawaru_gym_becter, uniq_crazy_yiuf_cottage,
          uniq_terence, uniq_natasha
D:4:      layout_basic, mainiacjoe_overflow_two_lobes,
          minmay_temple_entry_offerings, uniq_eustachio
D:5:      layout_cave_pools, mainiacjoe_overflow_cross_hatched,
          mainiacjoe_overflow_alcove_3, minmay_misc_feat_square
D:6:      minmay_polygon_palace, layout_gridville, mainiacjoe_overflow_alcove_2
D:7:      layout_rooms, item_on_display_b
D:8:      layout_rooms, serial_undead, serial_undead_c, serial_undead_e,
          serial_undead_e, serial_undead_a, kb_lookout_dungeons_type
D:9:      layout_stronghold, grunt_temple_overflow_champion_of_chaos,
          uniq_maurice, uniq_erica
D:10:     layout_irregular_city, nicolae_gozag_seed_capital,
          mainiacjoe_overflow_catwalk, orc_0_dummy, minivault_5, uniq_grum
Temple:   nicolae_temple_figure_zero

Skill      XL: |  1  2  3  4  5  6  7  8  9 10 11 |
---------------+----------------------------------+-----
Earth Magic    | 4 5 6 7 8 10 11 12 | 12.4
Spellcasting   | 3 4 5 6 7 9 |  9.5
Conjurations   | 1 2 3 4 6 8 10 | 10.6
Dodging        | |  1.5
Stealth        | |  2.1
Transmutations | |  0.7

Action                   |  1- 3 |  4- 6 |  7- 9 | 10-12 || total
-------------------------+-------+-------+-------+-------++-------
Melee: Short sword       |    39 |       |       |       ||    39
       Mace              |    39 |    71 |    10 |       ||   120
       Whip              |       |       |   161 |    74 ||   235
 Cast: Sandblast         |    10 |    53 |   119 |    71 ||   253
       Stone Arrow       |       |     2 |     8 |    22 ||    32
Evoke: Wand              |       |     1 |       |       ||     1
  Use: Scroll            |     7 |     3 |     9 |     5 ||    24
       Potion            |       |       |       |     1 ||     1
 Stab: Sleeping          |     5 |     3 |     3 |     1 ||    12
Armor: Robe              |    26 |    55 |       |       ||    81
       Leather armour    |       |       |   161 |    86 ||   247
Dodge: Dodged            |    47 |    97 |   287 |   142 ||   573

Table legend: (Time is in decaauts)
 A = Elapsed time spent in this place.
 B = Non-inter-level travel time spent in this place.
 C = Inter-level travel time spent in this place.
 D = Time resting spent in this place.
 E = Time spent auto-exploring this place.
 F = Levels seen in this place.
 G = Mean time per level.
                   A        B        C        D        E       F      G
               +--------+--------+--------+--------+--------+-----+--------+
         Total |  11760 |  11456 |    304 |    912 |   8955 |  11 | 1069.1 |
       Dungeon |  11631 |  11357 |    274 |    912 |   8857 |  10 | 1163.1 |
        Temple |    129 |     99 |     30 |      0 |     98 |   1 |  129.0 |
               +--------+--------+--------+--------+--------+-----+--------+

Top non-repeatable levels by time:
     D:3: 1721 daAuts
     D:9: 1589 daAuts
     D:8: 1405 daAuts
     D:4: 1308 daAuts
     D:5: 1233 daAuts
     D:2: 1208 daAuts
     D:6: 1204 daAuts
     D:1: 862 daAuts
    D:10: 646 daAuts
     D:7: 451 daAuts
  Temple: 129 daAuts
